 Dungeon Crawl Stone Soup version 0.31-a0-1-g4198be8af4 (webtiles) character file.

Game seed: 17395210147778599261

1267 Lavandula the Stinger (level 8, -4/52 HPs)
             Began as a Mummy Venom Mage on May 3, 2023.
             Slain by a water moccasin (8 damage)
             ... on level 5 of the Dungeon.
             The game lasted 00:11:26 (6938 turns).

Lavandula the Stinger (Mummy Venom Mage)            Turns: 6938, Time: 00:11:26

Health: -4/52      AC:  2    Str: 11    XL:     8   Next: 28%
Magic:  14/14      EV: 12    Int: 16    God:
Gold:   288        SH:  0    Dex: 13    Spells: 5/15 levels left

rFire   . . .        q - +2 flail (flame)
rCold   + . .        (no shield)
rNeg    + + +        a - +0 robe
rPois   ∞            (no helmet)
rElec   .            (no cloak)
rCorr   .            (no gloves)
SInv    .            (no boots)
Will    +....        d - amulet of the acrobat
Stlth   ++           h - ring of protection from fire
HPRegen 0.28/turn    (no ring)
MPRegen 0.14/turn

%: acrobat, faith
@: no status effects
A: cold resistance 1, negative energy resistance 3, torment resistance 2, heat
vulnerability 1, in touch with death 1, no potions, faith
a: no special abilities


You were on level 5 of the Dungeon.
You visited 1 branch of the dungeon, and saw 7 of its levels.

You collected 288 gold pieces.

Inventory:

Hand Weapons
 b - a +0 spear
 j - a +2 mace of holy wrath
 q - a +2 flail of flaming (weapon)
 r - a +0 broad axe of flaming
Missiles
 k - 9 boomerangs (quivered)
 o - 11 poisoned darts
Armour
 a - a +0 robe (worn)
Magical Staves
 f - a staff of death
 i - a staff of cold
Jewellery
 d - an amulet of the acrobat (around neck)
 h - a ring of protection from fire (left hand)
Scrolls
 c - a scroll of silence
 e - 4 scrolls of teleportation
 g - a scroll of enchant armour
 l - 2 scrolls of immolation
 m - 2 scrolls of magic mapping
 n - a scroll of torment {unknown}
 p - 2 scrolls of enchant weapon {unknown}


   Skills:
 + Level 3.3(4.2) Axes
 - Level 3.8(4.5) Maces & Flails
 - Level 1.5 Dodging
 - Level 1.5 Stealth
 - Level 4.0 Spellcasting
 - Level 0.7 Transmutations
 - Level 6.4 Poison Magic


You had 5 spell levels left.
You knew the following spells:

 Your Spells              Type           Power      Damage    Failure   Level
a - Sting                 Tmut/Pois      56%        1d5       3%          1
b - Poisonous Vapours     Pois/Air       26%        N/A       7%          2
c - Mephitic Cloud        Conj/Pois/Air  10%        N/A       21%         3
d - Olgreb's Toxic Radia  Pois           23%        N/A       12%         4

Your spell library contained the following spells:

 Spells                   Type           Power      Damage    Failure   Level
 Apportation              Tloc           6%         N/A       17%         1
 Necrotise                Necr           16%        1d4       17%         1
 Summon Small Mammal      Summ           12%        N/A       17%         1
 Gell's Gravitas          Tloc           3%         N/A       45%         3
 Inner Flame              Hex/Fire       3%         N/A       45%         3
 Stone Arrow              Conj/Erth      6%         3d7       45%         3
 Teleport Other           Tloc           3%         N/A       45%         3
 Animate Armour           Summ/Erth      6%         N/A       86%         4
 Flame Wave               Conj/Fire      3%         2d5       86%         4
 Sticky Flame             Conj/Fire      3%         2d3       86%         4
 Dispersal                Tloc           1%         N/A       100%        6
 Lehudib's Crystal Spear  Conj/Erth      1%         10d2      100%        8


Dungeon Overview and Level Annotations

Branches:
Dungeon (7/15)
 Temple: D:4-7

Altars:
Uskayaw

Shops:
D:1 [   D:6 =

Annotations:
D:7 Maggie


Innate Abilities, Weirdness & Mutations

You are immune to poison.
Your flesh is cold resistant. (rC+)
You are immune to negative energy. (rN+++)
You are immune to unholy pain and torment.
You are vulnerable to heat. (rF-)
You are in touch with the powers of death.
You do not drink.
You have a special connection with the divine. (Faith)


Message History

The water moccasin is severely wounded.
The water moccasin completely misses you.
The water moccasin closely misses you.
You closely miss the water moccasin.
The water moccasin is severely wounded.
The water moccasin barely misses you. The water moccasin bites you.
You closely miss the water moccasin.
The water moccasin is severely wounded.
The water moccasin misses you. The water moccasin bites you.
You miss the water moccasin.
The water moccasin is severely wounded.
The water moccasin bites you.
You barely miss the water moccasin.
The water moccasin is severely wounded.
The water moccasin bites you.
The water moccasin bites you but does no damage.
You miss the water moccasin.
The water moccasin is severely wounded.
The water moccasin bites you! The water moccasin bites you.
You miss the water moccasin.
The water moccasin is severely wounded.
The water moccasin bites you. The water moccasin closely misses you.
You are too injured to fight recklessly!
Casting: Mephitic Cloud (dangerous; 21% risk of failure)
Confirm with . or Enter, or press ? or * to list all spells.
Okay, then.
Your +0 broad axe of flaming stops flaming.
Your +2 flail of flaming bursts into flame!
q - a +2 flail of flaming (weapon)
The water moccasin bites you.
You barely miss the water moccasin.
The water moccasin is severely wounded.
The water moccasin bites you!
* * * LOW HITPOINT WARNING * * *
The water moccasin bites you!
* * * LOW HITPOINT WARNING * * *
You hit the water moccasin. You burn the water moccasin.
The water moccasin is severely wounded.
The water moccasin bites you!
You die...

#.# ##...#####..# #.####
#.....# #..# #....######...###
#..# ####............###..#
########..##......#
#..######.## #..######.#
##########...[.....#
#.......###@################
#.#####.# #S# #.......#
#.#####.###.# #.#####.#
##........##.########.#####.#
##<..##.......................
##....##(#..##.######...##.##..
#.....)..#..#...## #...##.##..
##...)####.......# #..........
##.........#...## #..##..##.>


You could see a water moccasin.

Vanquished Creatures
  Sigmund (D:6)
  Edmund (D:4)
  2 black bears (D:6)
  An ogre (D:6)
  A centaur (D:6)
  A bullfrog (D:6)
  2 scorpions
  3 hounds
  An orc priest (D:5)
  3 iguanas
  4 orc wizards (D:5)
  Terence (D:2)
  2 adders
  A shadow imp (D:6)
  A white imp (D:6)
  An ufetubus (D:5)
  6 worms
  A dart slug (D:1)
  12 orcs
  5 ball pythons
  4 bats
  8 endoplasms
  5 giant cockroaches
  5 goblins
  3 hobgoblins
  3 jackals (D:2)
  7 kobolds
  5 quokkas
  A frilled lizard (D:3)
  2 rats
93 creatures vanquished.

Notes
Turn   | Place    | Note
-------+----------+-------------------------------------------
     0 | D:1      | Lavandula the Mummy Venom Mage began the quest for the Orb.
     0 | D:1      | Reached XP level 1. HP: 13/13 MP: 4/4
   276 | D:1      | Reached XP level 2. HP: 19/19 MP: 5/5
   303 | D:1      | Learned a level 2 spell: Poisonous Vapours
   333 | D:1      | Found Dikeid's Antique Armour Shoppe.
   408 | D:1      | Reached skill level 3 in Poison Magic
  1221 | D:2      | Gained mutation: You are in touch with the powers of death.
                  | [Mummy growth]
  1221 | D:2      | Reached XP level 3. HP: 24/24 MP: 4/7
  1352 | D:2      | Learned a level 3 spell: Mephitic Cloud
  2081 | D:2      | Noticed Terence
  2112 | D:2      | Killed Terence
  2113 | D:2      | Reached XP level 4. HP: 16/30 MP: 3/10
  2121 | D:2      | Learned a level 4 spell: Olgreb's Toxic Radiance
  2866 | D:3      | Reached skill level 4 in Poison Magic
  3701 | D:4      | Noticed a phantom
  3847 | D:4      | Found a hide-covered altar of Uskayaw.
  3949 | D:4      | Noticed Edmund
  3971 | D:4      | Killed Edmund
  3972 | D:4      | Reached skill level 5 in Poison Magic
  3972 | D:4      | Reached XP level 5. HP: 35/35 MP: 0/11
  4240 | D:5      | Entered Level 5 of the Dungeon
  4446 | D:5      | Reached XP level 6. HP: 35/41 MP: 9/12
  4784 | D:5      | Reached skill level 6 in Poison Magic
  5070 | D:5      | Reached XP level 7. HP: 46/46 MP: 4/13
  5723 | D:6      | Noticed Sigmund
  5732 | D:6      | Killed Sigmund
  5817 | D:6      | Found Ehafar Zivo's Jewellery Shoppe.
  6182 | D:6      | Reached skill level 1 in Axes
  6182 | D:6      | Reached XP level 8. HP: 17/52 MP: 5/14
  6843 | D:7      | Noticed Maggie
  6938 | D:5      | Slain by a water moccasin

Illustrated notes

Levels and vault maps discovered:
D:1:      dpeg_arrival_lava_temple_mockup, layout_basic, serial_shops,
          shop_statue
D:2:      layout_loops_corners, uniq_terence
D:3:      layout_basic, grunt_decor_clamped, chequers_serial_rivers_micro_b,
          chequers_serial_rivers_micro_d, minivault_11
D:4:      layout_basic, lemuel_doored_altar, uniq_edmund
D:5:      layout_loops_corners
D:6:      layout_loops_ring, serial_shops, shop, uniq_sigmund
D:7:      layout_gridville, temple_statues, serial_shops,
          nicolae_shop_window_shopping, serial_glass, glass_columns_c,
          glass_columns_b, serial_park_tiny_pond, st_stairs_8,
          hangedman_misty_isle, uniq_maggie, uniq_menkaure

Skill      XL: |  1  2  3  4  5  6  7  8 |
---------------+-------------------------+-----
Poison Magic   | 3 5 6 |  6.4
Spellcasting   | 4 |  4.0
Maces & Flails | 3 |  3.8
Axes           | 1 3 |  3.3
Dodging        | |  1.5
Stealth        | |  1.5
Transmutations | |  0.7

Action                     |  1- 3 |  4- 6 |  7- 9 || total
---------------------------+-------+-------+-------++-------
  Melee: Spear             |    81 |    20 |       ||   101
         Unarmed           |     3 |       |       ||     3
         Punch             |     1 |       |     1 ||     2
         Flail             |       |    19 |    34 ||    53
         Broad axe         |       |       |    12 ||    12
  Throw: Boomerang         |       |     4 |       ||     4
   Cast: Sting             |    53 |    57 |     4 ||   114
         Poisonous Vapours |     2 |       |       ||     2
         Olgreb's Toxic Ra |       |    11 |    18 ||    29
         Mephitic Cloud    |       |     1 |     3 ||     4
    Use: Scroll            |       |     7 |       ||     7
   Stab: Sleeping          |     2 |       |       ||     2
 Armour: Robe              |    19 |     5 |    10 ||    34
  Dodge: Dodged            |    73 |    28 |    36 ||   137

Table legend: (Time is in decaauts)
 A = Elapsed time spent in this place.
 B = Non-inter-level travel time spent in this place.
 C = Inter-level travel time spent in this place.
 D = Time resting spent in this place.
 E = Time spent auto-exploring this place.
 F = Levels seen in this place.
 G = Mean time per level.
                   A        B        C        D        E       F      G
               +--------+--------+--------+--------+--------+-----+--------+
         Total |   6969 |   6631 |    338 |    479 |   5149 |   7 |  995.6 |
       Dungeon |   6969 |   6631 |    338 |    479 |   5149 |   7 |  995.6 |
               +--------+--------+--------+--------+--------+-----+--------+

Top non-repeatable levels by time:
     D:2: 1509 daAuts
     D:5: 1392 daAuts
     D:6: 1323 daAuts
     D:3: 1117 daAuts
     D:1: 1066 daAuts
     D:4: 557 daAuts
     D:7: 2 daAuts
